 Dungeon Crawl Stone Soup version 0.22.1-1-ga44c0e56f4 (webtiles) character file.

57 Nebulos the Firebug (level 3, -3/19 HPs)
             Began as a Deep Elf Fire Elementalist on Sept 20, 2018.
             Killed from afar by Sigmund (10 damage)
             ... with a wand of flame (21)
             ... on level 2 of the Dungeon.
             The game lasted 00:05:31 (1542 turns).

Nebulos the Firebug (Deep Elf Fire Elementalist)    Turns: 1542, Time: 00:05:32

Health: -3/19      AC:  2    Str:  5    XL:     3   Next: 73%
Magic:  10/10      EV: 13    Int: 20    God:
Gold:   43         SH:  0    Dex: 15    Spells: 8/9 levels left

rFire    . . .     SeeInvis .   g - +0 hand axe
rCold    . . .     Gourm    .   (no shield)
rNeg     . . .     Faith    .   a - +0 robe
rPois    .         Spirit   .   (no helmet)
rElec    .         Reflect  .   (no cloak)
rCorr    .         Harm     .   (no gloves)
MR       .....                  (no boots)
Stlth    ++........             (no amulet)
HPRegen  0.06/turn              (no ring)
MPRegen  0.12/turn              (no ring)

@: no status effects
A: no striking features
a: no special abilities


You were on level 2 of the Dungeon.
You were not hungry.

You visited 1 branch of the dungeon, and saw 2 of its levels.

You collected 43 gold pieces.

Inventory:

Hand Weapons
 g - a +0 hand axe (weapon)
Armour
 a - a +0 robe (worn)
Scrolls
 b - 2 scrolls of immolation
 d - 4 scrolls of identify
 h - a scroll of amnesia {unknown}
 j - a scroll of enchant armour {unknown}
Potions
 e - a potion of agility {unknown}
 f - a potion of brilliance {unknown}
 i - 2 potions of berserk rage {unknown}
Comestibles
 c - 5 rations


   Skills:
 + Level 3.0 Dodging
 - Level 2.4 Stealth
 + Level 3.7 Spellcasting
 + Level 1.5 Conjurations
 + Level 4.3 Fire Magic


You had 8 spell levels left.
You knew the following spells:

 Your Spells              Type           Power        Failure   Level  Hunger
a - Flame Tongue          Conj/Fire      ###..        4%          1    None

Your spell library contained the following spells:

 Spells                   Type           Power        Failure   Level  Hunger
 Throw Flame              Conj/Fire      ###...       6%          2    ##.....
 Conjure Flame            Conj/Fire      ###.....     12%         3    ###....
 Inner Flame              Hex/Fire       ##......     16%         3    ###....
 Sticky Flame             Conj/Fire      ###.....     36%         4    ####...
 Fireball                 Conj/Fire      ###.......   73%         5    ######.


Dungeon Overview and Level Annotations

Branches:
Dungeon (2/15)

Altars:
Dithmenos
Qazlal

Annotations:
D:2 Sigmund


Message History

A rat is nearby!
The helpless rat fails to defend itself.
You hit the rat.
The rat is moderately wounded.
The rat barely misses you. The rat bites you.
You hit the rat.
You kill the rat!
As you open the door, it creaks loudly!
There is an open door here.
Sigmund the Dreaded comes into view.
He is wielding a scythe.
Found a shadowy altar of Dithmenos and a stormy altar of Qazlal.
There is an open door here.
Sigmund zaps a wand.
The puff of flame misses you.
It is a wand of flame (21).
You close the door.
Sigmund points at you and mumbles some strange words.
The magic dart hits you! Sigmund asks, "Do you like me?"
Sigmund zaps a wand.
The puff of flame hits you!
Ouch! That really hurt!
You die...

#...............#
.....
#...###.........#
##### #..#
##........# ###
####.###.# ### #.#
##.# _. ._#..#
#..#######..###.##
#...@.....##.@.#
#.#####..###
#+#@.@..##
#...##### #####


You could see Sigmund.

Vanquished Creatures
  2 adders (D:2)
  A worm (D:2)
  2 dart slugs (D:1)
  A leopard gecko (D:2)
  A ball python (D:1)
  7 bats
  2 giant cockroaches (D:2)
  5 goblins
  2 hobgoblins (D:1)
  2 frilled lizards
  2 kobolds
  6 rats
33 creatures vanquished.

Notes
Turn   | Place    | Note
-------+----------+-------------------------------------------
     0 | D:1      | Nebulos the Deep Elf Fire Elementalist began the quest for
                  | the Orb.
     0 | D:1      | Reached XP level 1. HP: 10/10 MP: 6/6
   112 | D:1      | Reached XP level 2. HP: 15/15 MP: 5/8
   839 | D:2      | Reached skill level 4 in Fire Magic
   868 | D:2      | Reached XP level 3. HP: 9/19 MP: 5/10
  1532 | D:2      | Found a shadowy altar of Dithmenos.
  1532 | D:2      | Found a stormy altar of Qazlal.
  1532 | D:2      | Noticed Sigmund
  1542 | D:2      | Killed from afar by Sigmund

Skill      XL: |  1  2  3 |
---------------+----------+-----
Fire Magic     | 4 |  4.3
Dodging        | 3 |  3.0
Stealth        | |  2.4
Spellcasting   | |  3.7
Conjurations   | |  1.5

Action                   || total
-------------------------++-------
Melee: Unarmed           ||     1
       Hand axe          ||    36
 Cast: Flame Tongue      ||    50
  Use: Scroll            ||     1
       Potion            ||     1
 Stab: Sleeping          ||     3
  Eat: Chunk             ||     2
Armor: Robe              ||     8
       Skin              ||    12
Dodge: Dodged            ||    39
